 Dungeon Crawl Stone Soup version 0.21.0-3-g78d12a8 (webtiles) character file.

455 Mgcat the Digger (level 7, -1/36 HPs)
             Began as a Gargoyle Earth Elementalist on Jan 17, 2018.
             Was an Initiate of the Shining One.
             Slain by an orc
             ... wielding a +0 hand axe
              (5 damage)
             ... on level 4 of the Dungeon.
             The game lasted 00:09:11 (4142 turns).

Mgcat the Digger (Gargoyle Earth Elementalist)      Turns: 4142, Time: 00:09:12

Health: -1/36      AC:  6    Str: 11    XL:     7   Next: 5%
Magic:  10/13      EV: 12    Int: 21    God:    the Shining One [......]
Gold:   118        SH:  0    Dex: 10    Spells: 10/14 levels left

rFire    . . .     SeeInvis .   h - +3 whip
rCold    . . .     Gourm    +   (no shield)
rNeg     + . .     Faith    .   c - +0 robe
rPois    ∞         Spirit   .   (no helmet)
rElec    +         Reflect  .   (no cloak)
rCorr    .         Harm     .   (no gloves)
MR       .....                  (no boots)
Stlth    +.........             r - amulet of the gourmand
HPRegen  0.12/turn              t - +3 ring of intelligence
MPRegen  0.13/turn              (no ring)

@: glowing
A: negative energy resistance 1, electricity resistance, unbreathing,
petrification resistance, rot immunity, AC +4
a: Renounce Religion


You were on level 4 of the Dungeon.
You worshipped the Shining One.
The Shining One was noncommittal.
You were completely stuffed.

You visited 1 branch of the dungeon, and saw 4 of its levels.

You collected 118 gold pieces.

Inventory:

Hand Weapons
 h - a +3 whip (weapon)
Missiles
 b - 100 stones (quivered)
Armour
 c - a +0 robe (worn)
Jewellery
 r - an amulet of the gourmand (around neck)
 t - a +3 ring of intelligence (left hand)
Wands
 f - a wand of digging (12)
Scrolls
 a - a scroll of magic mapping
 i - a scroll of immolation
 m - a scroll of identify
 n - a scroll of fog {unknown}
 p - a scroll of amnesia {unknown}
 q - 3 scrolls of teleportation {unknown}
Potions
 g - a potion of invisibility
 j - a potion of heal wounds {unknown}
 k - a potion of might {unknown}
 l - 2 potions of curing {unknown}
 o - a potion of agility {unknown}
Books
 e - a book of Geomancy

   Spells                             Type                      Level
   a - Sandblast                      Earth                        1
   b - Passwall                       Transmutation/Earth          2
   c - Stone Arrow                    Conjuration/Earth            3
   d - Petrify                        Transmutation/Earth          4
   e - Lee's Rapid Deconstruction     Earth                        5
Comestibles
 d - 7 rations


   Skills:
 - Level 1.5 Dodging
 - Level 2.1 Stealth
 + Level 4.4 Spellcasting
 + Level 3.2 Conjurations
   Level 0.7 Transmutations
 + Level 6.4 Earth Magic


You had 10 spell levels left.
You knew the following spells:

 Your Spells              Type           Power        Failure   Level  Hunger
a - Sandblast             Erth           ####..       1%          1    None
b - Stone Arrow           Conj/Erth      ####..       4%          3    ##.....


Dungeon Overview and Level Annotations

Branches:
Dungeon (4/15)
 Temple: D:4-7

Altars:
Gozag
Ru
The Shining One

Shops:
D:2 *


Innate Abilities, Weirdness & Mutations

You are resistant to torment.
Your stone body is resilient. (AC +4)
You are immune to poison.
You resist negative energy. (rN+)
You are resistant to electric shocks. (rElec)
You can survive without breathing.
You are immune to petrification.
You are immune to rotting.


Message History

The blast of sand hits the scorpion.
You kill the scorpion!
You have reached level 7!
b - 100 stones You hit the orc.
The orc is lightly wounded.
The orc hits you with a mace.
* * * LOW HITPOINT WARNING * * *
You hit the orc.
The orc is heavily wounded.
The orc hits you but does no damage.
You barely miss the orc.
The orc is heavily wounded.
The orc hits you with a mace.
* * * LOW HITPOINT WARNING * * *
You hit the orc.
You kill the orc!
The orc misses you.
You hit the orc but do no damage. The orc hits you with a hand axe.
You die...

#.# ### #.#
#........ #.#
#.#.#.#.. #.#
......... #.#
..#.#.#.#.
#.#
#.......#.###
#.#
#.#!#.#.#...#
#.#
#.....oo###@#
#÷#
#.s..#o###.#
####.......#
#....#.#####
#.####.# #
#.# ..# ###


You could see an orc.

Vanquished Creatures
  The ghost of Gruud the Grave Robber, an amateur DsNe (D:3)
  A scorpion (D:4)
  A hound (D:4)
  2 orc wizards
  Jessica (D:3)
  5 adders (D:2)
  5 river rats
  An ooze (D:3)
  A worm (D:2)
  2 dart slugs
  3 leopard geckos
  2 orcs (D:4)
  5 giant cockroaches
  3 goblins
  6 hobgoblins
  A jackal (D:3)
  6 kobolds
  A quokka (D:3)
  10 bats
  8 frilled lizards
  A leopard gecko skeleton (D:4)
  21 rats
87 creatures vanquished.

Notes
Turn   | Place    | Note
-------+----------+-------------------------------------------
     0 | D:1      | Mgcat the Gargoyle Earth Elementalist began the quest for the Orb.
     0 | D:1      | Reached XP level 1. HP: 10/10 MP: 3/3
   244 | D:1      | Reached skill level 4 in Earth Magic
   244 | D:1      | Reached XP level 2. HP: 12/15 MP: 5/5
  1174 | D:2      | Reached XP level 3. HP: 12/19 MP: 4/7
  1411 | D:2      | Found an opulent altar of Gozag.
  1653 | D:2      | Reached XP level 4. HP: 24/24 MP: 6/8
  1680 | D:2      | Found Gozag's Platinum Reserve.
  1984 | D:2      | Reached skill level 5 in Earth Magic
  2346 | D:3      | Learned a level 3 spell: Stone Arrow
  2425 | D:3      | Found a sacrificial altar of Ru.
  2433 | D:3      | Reached XP level 5. HP: 17/28 MP: 10/10
  2622 | D:3      | Noticed Gruud's ghost (amateur DsNe)
  2636 | D:3      | Killed Gruud's ghost
  2636 | D:3      | Reached XP level 6. HP: 18/32 MP: 1/12
  2822 | D:3      | Noticed Jessica
  2831 | D:3      | Killed Jessica
  2988 | D:3      | Reached skill level 6 in Earth Magic
  3129 | D:3      | Found a glowing golden altar of the Shining One.
  3170 | D:3      | Became a worshipper of the Shining One
  4137 | D:4      | Reached XP level 7. HP: 12/36 MP: 9/13
  4142 | D:4      | Slain by an orc

Skill      XL: |  1  2  3  4  5  6 |
---------------+-------------------+-----
Earth Magic    | 4 5 6 |  6.4
Spellcasting   | 3 4 |  4.4
Conjurations   | 2 3 |  3.2
Dodging        | |  1.5
Stealth        | |  2.1
Transmutations | |  0.7

Action                   |  1- 3 |  4- 6 |  7- 9 || total
-------------------------+-------+-------+-------++-------
Melee: Hand axe          |    66 |       |       ||    66
       Unarmed           |    14 |       |       ||    14
       Whip              |    44 |   196 |     5 ||   245
 Cast: Sandblast         |     9 |    20 |     1 ||    30
  Use: Scroll            |       |     5 |       ||     5
 Stab: Sleeping          |     3 |     3 |       ||     6
       Paralysed         |       |     2 |       ||     2
  Eat: Chunk             |     3 |    19 |       ||    22
Armor: Robe              |    52 |    66 |       ||   118
Dodge: Dodged            |   109 |   122 |     1 ||   232
